 Dungeon Sprint DCSS version 0.22-a0-32-ga749362 (webtiles) character file.

4 Faca the Magician (level 1, -2/14 HPs)
             Began as a Gnoll Wanderer on Jan 3, 2018.
             Slain by a goblin
             ... wielding a +0 dagger
              (3 damage)
             ... in the Dungeon (Sprint IX: "|||||||||||||||||||||||||||||").
             The game lasted 00:00:29 (36 turns).

Faca the Magician (Gnoll Wanderer)                    Turns: 36, Time: 00:00:29

Health: -2/14      AC:  2    Str: 12    XL:     1   Next: 70%
Magic:  8/8        EV: 11    Int: 16    God:
Gold:   0          SH:  0    Dex: 14    Spells: 14/14 levels left

rFire    . . .     SeeInvis .   e - +0 dagger
rCold    . . .     Gourm    .   (no shield)
rNeg     . . .     Faith    .   d - +0 robe
rPois    .         Spirit   .   (no helmet)
rElec    .         Reflect  .   (no cloak)
rCorr    .         Harm     .   (no gloves)
MR       .....     NoTele   +   (no boots)
Stlth    ++........             (no amulet)
HPRegen  0.04/turn              (no ring)
MPRegen  0.11/turn              (no ring)

@: no status effects
A: distributed training, fangs 1, strong nose
a: no special abilities


You were in the Dungeon.
You were not hungry.

You visited 1 branch

Inventory:

Hand Weapons
 e - a +0 dagger (weapon)
Armour
 d - a +0 robe (worn)
Scrolls
 k - a scroll of blinking
Potions
 c - 2 potions of curing
 g - a potion of heal wounds
 h - a potion of haste
 i - 2 potions of magic
 j - a potion of berserk rage
Books
 a - a Young Poisoner's Handbook

   Spells                             Type                      Level
   a - Sting                          Conjuration/Poison           1
   b - Poisonous Vapours              Poison/Air                   2
   c - Mephitic Cloud                 Conjuration/Poison/Air       3
   d - Olgreb's Toxic Radiance        Poison                       4
   e - Venom Bolt                     Conjuration/Poison           5
 b - the Grimoire of Confrontation

   Spells                             Type                      Level
   a - Magic Dart                     Conjuration                  1
   b - Static Discharge               Conjuration/Air              3
Comestibles
 f - a ration


   Skills:
 + Level 0.8 Fighting
 + Level 0.8 Short Blades
 + Level 0.8 Long Blades
 + Level 0.8 Axes
 + Level 0.8 Maces & Flails
 + Level 0.8 Polearms
 + Level 0.8 Staves
 + Level 0.8 Slings
 + Level 2.6 Bows
 + Level 0.8 Crossbows
 + Level 0.8 Throwing
 + Level 4.5 Armour
 + Level 0.8 Dodging
 + Level 2.4 Stealth
 + Level 2.6 Shields
 + Level 0.8 Unarmed Combat
 + Level 7.1 Spellcasting
 + Level 0.5 Conjurations
 + Level 0.5 Hexes
 + Level 0.5 Charms
 + Level 0.5 Summonings
 + Level 0.5 Necromancy
 + Level 0.5 Translocations
 + Level 0.5 Transmutations
 + Level 0.5 Fire Magic
 + Level 0.5 Ice Magic
 + Level 0.5 Air Magic
 + Level 0.5 Earth Magic
 + Level 3.7 Poison Magic
 + Level 1.0 Invocations
 + Level 0.8 Evocations


You had 14 spell levels left.
You didn't know any spells.

Dungeon Overview and Level Annotations

Branches:
Dungeon (1/1)

Altars:


Innate Abilities, Weirdness & Mutations

Your experience applies equally to all skills.
You have very sharp teeth.
Your uncanny sense of smell can sniff out nearby items.


Message History

The goblin is moderately wounded.
The goblin hits you with a dagger.
* * * LOW HITPOINT WARNING * * *
You hit the goblin but do no damage.
The goblin is moderately wounded.
The goblin hits you with a dagger.
* * * LOW HITPOINT WARNING * * *
You hit the goblin but do no damage.
The goblin is moderately wounded.
The goblin barely misses you.
You barely miss the goblin.
The goblin is moderately wounded.
The goblin hits you but does no damage.
You hit the goblin.
The goblin is severely wounded.
The goblin barely misses you.
You closely miss the goblin. You bite the goblin, but do no damage.
The goblin is severely wounded.
The goblin hits you with a dagger.
You die...

▓▓▓▓▓▓▓▓▓▓▓▓
+....g@...<▓
▓▓▓▓▓▓▓▓▓▓▓▓
∆∆∆∆


You could see a goblin.

Vanquished Creatures
  A giant cockroach (D)
  A goblin (D)
  A hobgoblin (D)
  A rat (D)
4 creatures vanquished.

Notes
Turn   | Place    | Note
-------+----------+-------------------------------------------
     0 | D        | Faca the Gnoll Wanderer began the quest for the Orb.
     0 | D        | Faca set off with: a Young Poisoner's Handbook, the Grimoire of Confrontation, 2 potions of curing, a +0 robe, a +0 dagger, a ration, a potion of heal wounds, a potion of haste, 2 potions of magic, a potion of berserk rage, a scroll of blinking
     0 | D        | Reached XP level 1. HP: 13/13 MP: 8/8
    26 | D        | Reached skill level 1 in Invocations
    36 | D        | Slain by a goblin

Vault maps used:
D:        linesprint

Skill      XL: |  1 |
---------------+----+-----
Invocations    | 1 |  1.0
Fighting       | |  0.8
Short Blades   | |  0.8
Long Blades    | |  0.8
Axes           | |  0.8
Maces & Flails | |  0.8
Polearms       | |  0.8
Staves         | |  0.8
Slings         | |  0.8
Bows           | |  2.6
Crossbows      | |  0.8
Throwing       | |  0.8
Armour         | |  4.5
Dodging        | |  0.8
Stealth        | |  2.4
Shields        | |  2.6
Unarmed Combat | |  0.8
Spellcasting   | |  7.1
Conjurations   | |  0.5
Hexes          | |  0.5
Charms         | |  0.5
Summonings     | |  0.5
Necromancy     | |  0.5
Translocations | |  0.5
Transmutations | |  0.5
Fire Magic     | |  0.5
Ice Magic      | |  0.5
Air Magic      | |  0.5
Earth Magic    | |  0.5
Poison Magic   | |  3.7
Evocations     | |  0.8

Action                   || total
-------------------------++-------
Melee: Dagger            ||    32
       Bite              ||     7
Armor: Robe              ||     6
Dodge: Dodged            ||    13

Table legend:
 A = Spawn XP
 B = Non-spawn XP
 C = Spawn XP percentage of total XP
 D = Spawn monster count
 E = Non-spawn monster count
 F = Spawn count percentage of total count
 G = Total turns spent on level
                    A         B        C        D         E        F      G
               +---------+---------+-------+---------+---------+-------+---------
         Total |       0 |       7 |   0.0 |       0 |       4 |   0.0 |    36
               +---------+---------+-------+---------+---------+-------+---------
             D |       0 |       7 |   0.0 |       0 |       4 |   0.0 |    36
               +---------+---------+-------+---------+---------+-------+---------
